 Dungeon Crawl Stone Soup version 0.19.5 (webtiles) character file.

49 LORDOFBUTT the Sneak (level 3, 0/31 HPs)
             Began as an Octopode Enchanter on Mar 22, 2017.
             Slain by Natasha (5 damage)
             ... on level 2 of the Dungeon.
             The game lasted 00:00:56 (806 turns).

LORDOFBUTT the Sneak (Octopode Enchanter)            Turns: 806, Time: 00:00:57

Health: 0/31       AC: 21    Str:  7    XL:     3   Next: 77%
Magic:  7/7        EV:  2    Int: 17    God:
Gold:   87         SH:  0    Dex: 13    Spells: 1 memorised, 6 levels left

rFire  . . .     SeeInvis .     a - +1 dagger
rCold  . . .     Gourm    .     (no shield)
rNeg   + + +     Faith    .     (helmet currently unavailable)
rPois  +         Spirit   .     (no amulet)
rElec  .         Reflect  .     (no ring)
rCorr  .         Harm     .     (no ring)
MR     .....     NoTele   +     (no ring)
Stlth  +++.......               (no ring)
                                (no ring)
                                (no ring)
                                (no ring)
                                (no ring)

@: tree-form (expiring)
A: almost no armour, stealthy swim, (amphibious), 8 rings, (constrict 8),
(camouflage 0), (gelatinous body 0)
a: no special abilities


You were on level 2 of the Dungeon.
You were not hungry.
You were a tree.
You visited 1 branch of the dungeon, and saw 2 of its levels.

You collected 87 gold pieces.

Inventory:

Hand Weapons
 a - a +1 dagger (weapon)
Scrolls
 e - a scroll of enchant weapon {unknown}
 i - 2 scrolls of identify {unknown}
 j - 2 scrolls of recharging {unknown}
 k - a scroll of magic mapping {unknown}
 m - a scroll of random uselessness {unknown}
 q - a scroll of remove curse {unknown}
Potions
 d - a potion of heal wounds {unknown}
 f - a potion of agility {unknown}
 h - a potion of berserk rage {unknown}
 l - a potion of experience {unknown}
 n - a potion of haste {unknown}
Books
 b - a book of Maledictions

   Spells                             Type                      Level
   a - Corona                         Hexes                        1
   b - Ensorcelled Hibernation        Hexes/Ice                    2
   c - Confuse                        Hexes                        3
   d - Tukima's Dance                 Hexes                        3
   e - Dazzling Spray                 Conjuration/Hexes            3
Comestibles
 c - a bread ration
 g - a chunk of flesh
 o - 2 meat rations
 p - a slice of pizza
 r - a royal jelly


   Skills:
 - Level 1.0 Short Blades
 - Level 2.0 Dodging
 + Level 4.6 Stealth
 * Level 2.9 Spellcasting
 * Level 3.5 Hexes


You had 6 spell levels left.
You knew the following spells:

 Your Spells              Type           Power        Failure   Level  Hunger
a - Corona                Hex            ##.....      4%          1    #......


Dungeon Overview and Level Annotations

Branches:
Dungeon (2/15)

Altars:

Annotations:
D:2 Natasha


Innate Abilities, Weirdness & Mutations

You cannot wear most types of armour.
You are very stealthy in the water. (Stealth+)
((You are amphibious.))
You can wear up to eight rings at the same time.
((You can use your tentacles to constrict eight enemies at once.))
((Your skin changes colour to match your surroundings (Stealth+).))
((Your rubbery body absorbs attacks. (AC +1, EV +1)))


Message History

Natasha claws you but does no damage.
You completely miss Natasha.
Natasha is moderately wounded.
Natasha zaps a wand.
You hit Natasha.
Natasha is heavily wounded.
Natasha howls an incantation.
Natasha's front paws start to glow.
Natasha claws you but does no damage.
You hit Natasha but do no damage.
Natasha is heavily wounded.
Natasha claws you but does no damage.
You hit Natasha but do no damage.
Natasha is heavily wounded.
Natasha claws you but does no damage.
You hit Natasha.
Natasha is heavily wounded.
Natasha extends her claws.
Natasha claws you.
You die...

#.#.. #[#.#### #.#.#..
#.#.[. ###.#.#####
......... ###....#
#.h5...+ #♣#....#
#.#....# #.#....#
#.#>...# ..# #.#....#
#.##.######.#....#
#.##.##.....#....#
######.##.##.....#....#
.......##.##.....######


You could see Natasha and a shadow imp.

Vanquished Creatures
  Natasha (D:2)
  An ooze (D:1)
  A dart slug (D:1)
  A leopard gecko (D:1)
  2 goblins (D:1)
  3 hobgoblins
  A ball python (D:1)
  3 bats (D:1)
  A frilled lizard (D:1)
  A kobold (D:1)
  4 rats
19 creatures vanquished.

Notes
Turn   | Place    | Note
-------+----------+-------------------------------------------
     0 | D:1      | LORDOFBUTT the Octopode Enchanter began the quest for the Orb.
     0 | D:1      | Reached XP level 1. HP: 11/11 MP: 3/3
   156 | D:1      | Reached XP level 2. HP: 14/17 MP: 5/5
   587 | D:2      | Noticed Natasha
   589 | D:2      | Killed Natasha
   589 | D:2      | Reached XP level 3. HP: 21/21 MP: 7/7
   774 | D:2      | Noticed Natasha
   806 | D:2      | Slain by Natasha

Action                   || total
-------------------------++-------
Melee: Dagger            ||    55
       Constrict         ||     4
       Tentacles         ||     4
 Stab: Sleeping          ||    12
Armor: Skin              ||    14
Dodge: Dodged            ||    22
